 Dungeon Crawl Stone Soup version 0.25-a0-1136-gc1285e62ab (webtiles) character file.

Game seed: 5591123225947901297, levelgen mode: deterministic

43914 Morbidden the Grappler (level 13, -1/128 HPs)
             Began as a Troll Wizard on May 23, 2020.
             Was a High Priest of Vehumet.
             Slain by a vault guard
             ... wielding a +0 long sword
              (11 damage)
             ... while paralysed by a wizard
             ... on level 14 of the Dungeon.
             The game lasted 01:13:28 (26217 turns).

Morbidden the Grappler (Troll Wizard)              Turns: 26217, Time: 01:13:29

Health: -1/128     AC: 11    Str: 18    XL:     13   Next: 93%
Magic:  33/33      EV:  1    Int: 18    God:    Vehumet [*****.]
Gold:   1117       SH:  0    Dex:  8    Spells: 17/29 levels left

rFire    . . .     SeeInvis .     - Unarmed
rCold    . . .     Gourm    +   (no shield)
rNeg     . . .     Faith    .   X - +0 troll leather armour
rPois    .         Spirit   .   B - +2 hat
rElec    .         Reflect  .   a - +0 cloak (curse)
rCorr    .         Harm     .   (gloves unavailable)
MR       .....                  (boots unavailable)
Stlth    +.........             (no amulet)
HPRegen  1.11/turn              u - ring of magical power
MPRegen  0.23/turn              S - +4 ring of evasion

@: paralysed, heavily drained
A: large, unfitting armour, claws 3, fast metabolism 3, gourmand, regeneration
1, shaggy fur 1, tough skin 3
a: Renounce Religion


You were on level 14 of the Dungeon.
You worshipped Vehumet.
Vehumet was extremely pleased with you.
You were not hungry.

You visited 4 branches of the dungeon, and saw 22 of its levels.

You collected 1399 gold pieces.
You spent 282 gold pieces at shops.

Inventory:

Missiles
 D - 16 boomerangs
 N - 13 large rocks (quivered)
Armour
 a - a cursed +0 cloak (worn)
 c - a +1 robe of cold resistance
 g - a +2 robe of fire resistance
 B - a +2 hat (worn)
 X - a +0 troll leather armour (worn)
Jewellery
 h - an uncursed ring of wizardry
 o - an uncursed ring of stealth
 u - a ring of magical power (left claw)
 w - a +6 ring of intelligence
 G - an uncursed ring of resist corrosion
 S - a +4 ring of evasion (right claw)
Wands
 f - a wand of acid (6)
 l - a wand of iceblast (16)
 t - a wand of polymorph (14)
 C - a wand of flame (53)
 I - a wand of paralysis (4)
 K - a wand of random effects (22)
 L - a wand of disintegration (15)
 R - a wand of enslavement (8)
 W - a wand of digging (11)
Scrolls
 e - 2 scrolls of teleportation
 k - a scroll of amnesia {unknown}
 q - 4 scrolls of fog
 v - 2 scrolls of magic mapping
 y - 5 scrolls of enchant weapon
 A - 7 scrolls of remove curse
 F - 2 scrolls of enchant armour
 J - 2 scrolls of brand weapon {unknown}
 P - a scroll of holy word {unknown}
 T - 3 scrolls of identify
 V - a scroll of torment {unknown}
Potions
 b - 3 potions of flight {unknown}
 i - 7 potions of mutation {unknown}
 j - 2 potions of might {unknown}
 m - a potion of invisibility {unknown}
 n - 2 potions of ambrosia {unknown}
 p - a potion of cancellation
 r - a potion of resistance
 s - 2 potions of brilliance {unknown}
 z - 4 potions of lignification {unknown}
 E - 4 potions of stabbing
 H - a potion of berserk rage {unknown}
 O - a potion of magic {unknown}
 Q - 4 potions of haste
Miscellaneous
 U - a tin of tremorstones (inert)
Comestibles
 d - 57 rations


   Skills:
 * Level 8.3(6.6) Fighting
 + Level 1.6(0.2) Armour
 + Level 6.0(4.4) Dodging
 + Level 3.3(1.9) Stealth
 + Level 9.1(7.4) Unarmed Combat
 * Level 8.8(7.1) Spellcasting
 + Level 8.7(7.0) Conjurations
   Level 0.6(0.0) Summonings
 + Level 2.1(0.7) Translocations
 + Level 3.2(1.8) Air Magic
 + Level 3.2(1.7) Earth Magic
 + Level 1.4(0.0) Poison Magic
 + Level 1.0(0.0) Evocations


You had 17 spell levels left.
You knew the following spells:

 Your Spells              Type           Power        Failure   Level  Hunger
a - Shock                 Conj/Air       ###.         1%          1    None
b - Stone Arrow           Conj/Erth      ###...       1%          3    ##.....
c - Mephitic Cloud        Conj/Pois/Air  ###.....     3%          3    ##.....
d - Magic Dart            Conj           ####         1%          1    None
e - Blink                 Tloc           N/A          14%         2    None
f - Poisonous Vapours     Pois/Air       #.....       13%         2    None

Your spell library contained the following spells:

 Spells                   Type           Power        Failure   Level  Hunger
 Lightning Bolt           Conj/Air       ###.......   16%         5    #####..
 Sandblast                Erth           ##....       1%          1    None
 Searing Ray              Conj           ####..       1%          2    None
 Conjure Flame            Conj/Fire      ###.....     2%          3    ##.....
 Dazzling Flash           Conj/Hex       ###...       2%          3    ##.....
 Freeze                   Ice            #...         3%          1    None
 Iskenderun's Mystic Bla  Conj/Tloc      ###.....     7%          4    ####...
 Fulminant Prism          Conj/Hex       ###.......   9%          4    ####...
 Hailstorm                Conj/Ice       ###.....     9%          4    ####...
 Apportation              Tloc           #.....       10%         1    None
 Frozen Ramparts          Ice            #.....       11%         3    ##.....
 Ignite Poison            Fire/Tmut/Pois #.......     11%         3    ##.....
 Animate Skeleton         Necr           N/A          13%         1    None
 Beastly Appendage        Tmut           #.....       13%         1    None
 Corona                   Hex            #......      13%         1    None
 Sting                    Tmut/Pois      #...         13%         1    None
 Summon Small Mammal      Summ           #...         13%         1    None
 Passwall                 Tmut/Erth      #.......     14%         2    None
 Call Imp                 Summ           #.......     19%         2    None
 Slow                     Hex            #.......     19%         2    None
 Sticks to Snakes         Tmut           #.......     19%         2    None
 Bolt of Magma            Conj/Fire/Erth ###.......   26%         5    #####..
 Olgreb's Toxic Radiance  Pois           #.......     30%         4    ####...
 Ozocubu's Armour         Chrm/Ice       #.......     36%         3    ##.....
 Spider Form              Tmut/Pois      #.........   36%         3    ##.....
 Lee's Rapid Deconstruct  Erth           ##........   38%         5    #####..
 Iron Shot                Conj/Erth      ###.......   58%         6    #######
 Leda's Liquefaction      Hex/Erth       #.........   65%         4    ####...
 Petrify                  Tmut/Erth      #.......     65%         4    ####...
 Ice Form                 Ice/Tmut       #.......     77%         4    ####...
 Summon Ice Beast         Ice/Summ       #.......     77%         4    ####...
 Blade Hands              Tmut           #.........   98%         5    #####..
 Statue Form              Tmut/Erth      #........    100%        6    #######
 Shatter                  Erth           ##........   100%        9    #######


Dungeon Overview and Level Annotations

Branches:
Dungeon (14/15)            Temple (1/1) D:6            Lair (6/6) D:11
  Swamp (0/4) Lair:3        Snake (0/4) Lair:3        Slime (0/5) Lair:5
    Orc (1/2) D:12         Vaults (0/5) D:14

Altars:
Ashenzari
Cheibriados
Dithmenos
Elyvilon
Fedhas
Gozag
Hepliaklqana
Kikubaaqudgha
Makhleb
Nemelex Xobeh
Okawaru
Qazlal
Ru
Sif Muna
Trog
Uskayaw
Vehumet
Wu Jian
Xom
Yredelemnul
Zin
The Shining One

Shops:
D:4 }   D:7 [   D:10 !

Annotations:
D:5 3 runed translucent doors, Sensen's ghost, novice DsGl; hemabe's ghost, novice HuAr; pljop's ghost, novice KoSu
D:10 1 runed translucent door, temitten's ghost, journeyman GnWn
Lair:6 Rupert


Innate Abilities, Weirdness & Mutations

You are too large for most types of armour.
You have claws for hands.
Your metabolism is lightning-fast.
You like to eat raw meat.
Your natural rate of healing is unusually fast.
You are covered in fur. (AC +1)
You have extremely tough skin. (AC +3)


Message History

* * * LOW HITPOINT WARNING * * *
Unknown command.
The wizard shouts!
Casting: Stone Arrow (safe; 1% risk of failure)
Confirm with . or Enter, or press ? or * to list all spells.
Aiming: Shock (safe; 1% risk of failure)
Press: ? - help, Shift-Dir - straight line, p - vault guard The zap hits the vault guard.
The vault guard is almost dead.
The zap hits the vault guard but does no damage.
The vault guard is almost dead.
The wizard points at you and mumbles some strange words.
You suddenly lose the ability to move!
The vault guard hits you but does no damage.
The vault guard hits you with a +0 long sword.
* * * LOW HITPOINT WARNING * * *
The wizard casts a spell at you.
You shrug off the repeated paralysis!
The vault guard hits you with a +0 long sword!
You die...

#.......................
.........^...........##.
........................
........................
..#..................#..
#.p.......?.......##..
#....##............#..
#.....#........#.##.#
##..p@.#.......##.##..
#..............#......
###...................
##..............##...
#....................
##...#....##)........
#.....#.###.........
#........#..........
###......##......#..


You could see a vault guard and a wizard.

Vanquished Creatures
  Snorg (Lair:4)
  Fannar (D:12)
  3 hydras
  2 centaur warriors
  2 two-headed ogres
  Nergalle (D:12)
  2 unseen horrors
  2 cyclopes
  An ugly thing (D:11)
  2 centaur zombies
  5 black mambas
  Joseph (Lair:1)
  Psyche (D:8)
  8 spiny frogs
  A rime drake (Lair:6)
  6 komodo dragons
  A queen bee (Lair:4)
  A polar bear (Lair:4)
  2 meliai (Lair:4)
  2 trolls
  17 blink frogs
  5 dream sheep (Lair:4)
  9 hippogriffs
  4 slime creatures (D:13)
  A meliai zombie (D:13)
  2 shadows (D:12)
  A centaur simulacrum (D:14)
  41 yaks
  Sigmund (D:3)
  3 wyverns
  A basilisk (Lair:1)
  A human (shapeshifter) (D:14)
  A steam dragon (D:7)
  2 hungry ghosts
  4 vampire mosquitoes (D:12)
  An acid dragon (D:13)
  A naga (Lair:2)
  A swamp worm (D:13)
  9 water moccasins
  A soldier ant (D:13)
  5 porcupines
  6 orc warriors
  A black bear (D:9)
  6 ice beasts
  3 sky beasts (D:9)
  An eye of draining (D:13)
  5 phantoms
  3 necrophages
  7 ogres
  16 centaurs
  4 wolves (Lair:2)
  3 big kobolds
  14 crocodiles
  17 bullfrogs
  A gnoll sergeant (D:10)
  A troll zombie (D:12)
  4 scorpions
  24 killer bees
  8 wights
  7 crimson imps
  2 howler monkeys
  A bullfrog zombie (D:5)
  14 jellies
  A quasit (D:9)
  7 orc priests
  2 centaur skeletons
  8 orc wizards
  2 bullfrog skeletons
  8 hounds
  5 iguanas
  Jessica (D:3)
  Terence (D:3)
  7 worker ants
  7 ogre zombies (D:12)
  A hound skeleton (D:7)
  A worker ant zombie (D:5)
  6 gnolls
  14 adders
  4 oozes
  An adder zombie (D:6)
  An adder skeleton (D:5)
  4 worms
  5 leopard geckos
  49 orcs
  2 ball pythons
  7 bats
  7 giant cockroaches
  7 goblins
  3 hobgoblins
  9 jackals
  7 quokkas
  7 frilled lizards
  A goblin skeleton (D:12)
  3 goblin zombies (D:12)
  4 hobgoblin skeletons (D:12)
  3 hobgoblin zombies (D:12)
  17 kobolds
  An orc skeleton (D:12)
  13 orc zombies (D:12)
  A quokka skeleton (D:4)
  10 rats
  A fungus (Lair:4)
  2 plants
544 creatures vanquished.

Vanquished Creatures (collateral kills)
  A meliai (Lair:4)
  4 killer bees
  An adder (D:5)
  A leopard gecko (D:5)
7 creatures vanquished.

Vanquished Creatures (others)
  Prince Ribbit (D:5)
  2 killer bees
  6 fungi
  4 plants
13 creatures vanquished.

Grand Total: 564 creatures vanquished

Notes
Turn   | Place    | Note
-------+----------+-------------------------------------------
     0 | D:1      | Morbidden the Troll Wizard began the quest for the Orb.
     0 | D:1      | Reached XP level 1. HP: 16/16 MP: 2/2
   256 | D:1      | Reached XP level 2. HP: 24/26 MP: 4/4
   814 | D:2      | Reached XP level 3. HP: 31/32 MP: 3/5
  1038 | D:2      | Reached skill level 1 in Unarmed Combat
  1365 | D:2      | Reached skill level 1 in Fighting
  2111 | D:3      | Reached skill level 1 in Conjurations
  2445 | D:3      | Reached XP level 4. HP: 41/41 MP: 2/6
  2529 | D:3      | Noticed Terence
  2559 | D:3      | Killed Terence
  2648 | D:3      | Noticed Sigmund
  2793 | D:4      | Reached XP level 5. HP: 40/49 MP: 7/7
  2827 | D:4      | Found Fynauph's Gadget Shoppe.
  2908 | D:3      | Killed Sigmund
  2908 | D:3      | Reached skill level 2 in Unarmed Combat
  2908 | D:3      | Reached XP level 6. HP: 38/57 MP: 7/9
  3039 | D:3      | Learned a level 2 spell: Blink
  3239 | D:3      | Noticed Jessica
  3253 | D:3      | Killed Jessica
  4275 | D:4      | Reached skill level 3 in Unarmed Combat
  4330 | D:4      | Reached XP level 7. HP: 44/66 MP: 10/10
  4767 | D:5      | Entered Level 5 of the Dungeon
  5345 | D:5      | Found a runed translucent gate.
  5345 | D:5      | Found a runed translucent gate.
  5345 | D:5      | Found a runed translucent gate.
  5462 | D:5      | Noticed Sensen's ghost (novice DsGl)
  5462 | D:5      | Noticed hemabe's ghost (novice HuAr)
  5463 | D:5      | Noticed pljop's ghost (novice KoSu)
  5481 | D:5      | Reached skill level 4 in Unarmed Combat
  5539 | D:5      | Noticed Prince Ribbit
  5547 | D:5      | Killed Prince Ribbit
  5547 | D:5      | Reached XP level 8. HP: 49/74 MP: 5/12
  6021 | D:5      | Learned a level 3 spell: Mephitic Cloud
  6058 | D:6      | Found a staircase to the Ecumenical Temple.
  6238 | Temple   | Entered the Ecumenical Temple
  6346 | Temple   | Became a worshipper of Vehumet
  6474 | D:6      | Found a shattered altar of Ashenzari.
  7501 | D:7      | Reached XP level 9. HP: 78/84 MP: 14/14
  7583 | D:7      | Reached * piety under Vehumet
  7583 | D:7      | Offered knowledge of Shock by Vehumet.
  7613 | D:7      | Learned a level 1 spell: Shock
  7766 | D:7      | Reached skill level 5 in Unarmed Combat
  7815 | D:7      | Found Rytelyrch's Antique Armour Shop.
  7823 | D:7      | Bought a glowing hat for 217 gold pieces
  8949 | D:8      | Got a tattered robe
  8950 | D:8      | Identified the +1 robe "Enahy" {*Drain rN++ Regen+} (You
                  | found it on level 8 of the Dungeon)
  8983 | D:8      | Noticed Psyche
  8995 | D:8      | Killed Psyche
  8995 | D:8      | Reached skill level 5 in Conjurations
  8995 | D:8      | Reached skill level 1 in Air Magic
  9058 | D:8      | Reached skill level 1 in Translocations
  9214 | D:8      | Reached skill level 5 in Spellcasting
  9544 | D:9      | Reached XP level 10. HP: 72/94 MP: 7/16
  9675 | D:9      | Reached ** piety under Vehumet
  9675 | D:9      | Offered knowledge of Searing Ray by Vehumet.
  9901 | D:9      | Reached skill level 5 in Fighting
 10476 | D:10     | Entered Level 10 of the Dungeon
 10576 | D:10     | Offered knowledge of Stone Arrow by Vehumet.
 10712 | D:10     | Found Sinuhim's Distillery.
 10776 | D:10     | Bought a potion of heal wounds for 65 gold pieces
 10812 | D:10     | Reached *** piety under Vehumet
 10812 | D:10     | Reached skill level 6 in Unarmed Combat
 11005 | D:10     | Found a runed translucent door.
 11005 | D:10     | Noticed temitten's ghost (journeyman GnWn)
 11073 | D:10     | Learned a level 3 spell: Stone Arrow
 11701 | D:11     | Found a staircase to the Lair.
 11933 | D:11     | Noticed a green ugly thing
 11944 | D:11     | Killed a green ugly thing
 12372 | Lair:1   | Entered Level 1 of the Lair of Beasts
 12376 | Lair:1   | Noticed a spiny frog
 12393 | Lair:1   | Killed a spiny frog
 12393 | Lair:1   | Reached XP level 11. HP: 72/105 MP: 18/18
 12584 | Lair:1   | Offered knowledge of Ignite Poison by Vehumet.
 12587 | Lair:1   | Reached skill level 1 in Evocations
 12882 | Lair:1   | Reached skill level 1 in Earth Magic
 13080 | Lair:1   | Noticed Joseph
 13102 | Lair:1   | Killed Joseph
 13760 | Lair:2   | Reached skill level 1 in Poison Magic
 13887 | Lair:2   | Reached skill level 7 in Unarmed Combat
 13931 | Lair:2   | Reached **** piety under Vehumet
 14751 | Lair:2   | Offered knowledge of Inner Flame by Vehumet.
 15393 | Lair:3   | Found a staircase to the Snake Pit.
 15724 | Lair:3   | Identified a scroll of acquirement
 15797 | Lair:3   | Reached XP level 12. HP: 115/115 MP: 20/21
 16225 | Lair:3   | Found a staircase to the Swamp.
 16980 | Lair:4   | Noticed a six-headed hydra
 16997 | Lair:4   | Killed a six-headed hydra
 17297 | Lair:4   | Noticed Snorg
 17307 | Lair:4   | Found a basalt altar of Yredelemnul.
 17356 | Lair:4   | Killed Snorg
 17478 | Lair:4   | Noticed an eight-headed hydra
 17488 | Lair:4   | Killed an eight-headed hydra
 17803 | Lair:4   | Reached skill level 5 in Dodging
 17807 | Lair:4   | Reached ***** piety under Vehumet
 17817 | Lair:4   | Offered knowledge of Fireball by Vehumet.
 18207 | Lair:4   | Reached skill level 8 in Unarmed Combat
 18726 | Lair:5   | Found a staircase to the Slime Pits.
 19742 | Lair:6   | Entered Level 6 of the Lair of Beasts
 19764 | Lair:6   | Noticed an eight-headed hydra
 19902 | Lair:6   | Reached XP level 13. HP: 99/124 MP: 15/23
 21382 | Lair:6   | Noticed Rupert
 21385 | Lair:6   | Paralysed by Rupert for 7 turns
 21664 | D:12     | Found a staircase to the Orcish Mines.
 21715 | D:12     | Offered knowledge of Ozocubu's Refrigeration by Vehumet.
 22074 | D:12     | Noticed Fannar
 22115 | D:12     | Killed Fannar
 22154 | D:12     | HP: 1/127 [yak (9)]
 22583 | D:12     | Noticed Nergalle
 22607 | D:12     | Killed Nergalle
 22684 | D:12     | Found an opulent altar of Gozag.
 23041 | Orc:1    | Entered Level 1 of the Orcish Mines
 23553 | D:13     | Offered knowledge of Lightning Bolt by Vehumet.
 23660 | D:13     | Learned a level 2 spell: Poisonous Vapours
 24214 | D:14     | Reached skill level 9 in Unarmed Combat
 25061 | D:13     | Reached skill level 1 in Armour
 26014 | D:14     | Found a gate to the Vaults.
 26214 | D:14     | Paralysed by a wizard for 5 turns
 26217 | D:14     | Slain by a vault guard

Illustrated notes

Levels and vault maps discovered:
D:1:      minmay_arrival_nine_rooms, layout_loops_ring
D:2:      layout_loops_corners, first_ration, minmay_misc_feat_square
D:3:      layout_loops_corners, uniq_terence, uniq_jessica, uniq_sigmund
D:4:      layout_basic, serial_shops, shop
D:5:      layout_loops_cross, gammafunk_ghost_cemetery, chequers_garden,
          uniq_prince_ribbit1
D:6:      layout_basic, evilmike_ruin_ashenzari, minmay_temple_entry_butterflies
D:7:      layout_basic, serial_corexii_hall, corexii_hall_statues_i,
          corexii_hall_statues_t, serial_shops, shop
D:8:      layout_basic, blue_anna_alchemist [blue_anna_fruit_fields,
          blue_anna_fruit_fields], uniq_psyche
D:9:      layout_basic
D:10:     layout_cave_pools, gammafunk_ghost_grave, serial_shops,
          nicolae_shop_stone, kennysheep_another_room
D:11:     nicolae_whirlpool, layout_stronghold, kennysheep_generic_room_8
D:12:     layout_irregular_city, zombieorc2_lemuel,
          nicolae_gozag_cash_rules_everything_around_me, uniq_nergalle,
          uniq_fannar
D:13:     layout_roguey
D:14:     layout_cave_pools, lightli_vaults_fourway_checkpoint
Temple:   kilobyte_greek_temple
Lair:1:   layout_regular_city, grunt_megastairs_3, serial_bayou_shore_b,
          uniq_joseph
Lair:2:   layout_cave_pods, minivault_25
Lair:3:   layout_regular_city, swamp_mist, guppyfry_snake_entry_garden,
          grunt_megastairs_5
Lair:4:   layout_roguey [special_room_bee], basic_altar,
          nicolae_quartered_pool_little, uniq_snorg
Lair:5:   layout_gridlike, minmay_slime_entry_jelly_boxes, serial_rivers,
          chequers_serial_rivers_small_a, chequers_serial_rivers_micro_e,
          chequers_serial_rivers_micro_a, chequers_serial_rivers_small_3,
          chequers_serial_rivers_micro_e, minivault_24
Lair:6:   due_jungle_book, layout_gridlike, uniq_rupert
Orc:1:    layout_caves, ebering_ghost_disaster_area, uniq_josephine

Skill      XL: |  1  2  3  4  5  6  7  8  9 10 11 12 13 |
---------------+----------------------------------------+-----
Unarmed Combat | 1 2 3 4 5 6 7 8 9 |  9.1
Fighting       | 1 2 3 4 5 6 7 8 |  8.3
Conjurations   | 1 2 3 4 5 6 7 8 |  8.7
Dodging        | 2 3 4 5 6 |  6.0
Spellcasting   | 3 4 5 6 7 8 |  8.8
Air Magic      | 1 2 3 |  3.2
Translocations | 1 2 |  2.1
Stealth        | 2 3 |  3.3
Evocations     | 1 |  1.0
Earth Magic    | 1 2 3 |  3.2
Poison Magic   | 1 |  1.4
Armour         | 1 |  1.6
Summonings     | |  0.6

Action                   |  1- 3 |  4- 6 |  7- 9 | 10-12 | 13-15 || total
-------------------------+-------+-------+-------+-------+-------++-------
Melee: Unarmed           |   171 |   166 |   319 |   582 |   596 ||  1834
       Punch             |       |     1 |     2 |    13 |    20 ||    36
Throw: Large rock        |       |       |       |     1 |     2 ||     3
 Cast: Magic Dart        |    72 |    48 |   214 |       |       ||   334
       Blink             |       |       |    10 |    14 |       ||    24
       Mephitic Cloud    |       |       |    12 |    63 |    20 ||    95
       Shock             |       |       |   114 |   336 |   121 ||   571
       Stone Arrow       |       |       |       |   177 |   151 ||   328
       Poisonous Vapours |       |       |       |       |     7 ||     7
Evoke: Wand              |       |     5 |     2 |     4 |     8 ||    19
       Tin of tremorston |       |       |       |       |     3 ||     3
  Use: Scroll            |     3 |     6 |     4 |    14 |     7 ||    34
       Potion            |       |       |     2 |     1 |     8 ||    11
 Stab: Sleeping          |     2 |       |       |       |       ||     2
       Confused          |       |       |     6 |    22 |    11 ||    39
       Paralysed         |       |       |       |     4 |       ||     4
  Eat: Chunk             |    29 |    15 |    58 |   106 |    61 ||   269
Armor: Robe              |    69 |    50 |   142 |   247 |   133 ||   641
       Troll leather arm |       |       |       |       |    68 ||    68
Dodge: Dodged            |   112 |    78 |   211 |   405 |   479 ||  1285

Table legend:
 A = Non-vault XP
 B = Vault XP
 C = Vault XP percentage of total XP
 D = Non-vault monster count
 E = Vault monster count
 F = Vault count percentage of total count
                 A         B        C        D         E       F
            +---------+---------+-------+---------+---------+-------
      Total |   53034 |    9701 |  15.5 |     454 |      97 |  17.6
            +---------+---------+-------+---------+---------+-------
        D:1 |      26 |       0 |   0.0 |      18 |       0 |   0.0
        D:2 |      47 |       0 |   0.0 |      23 |       0 |   0.0
        D:3 |      43 |     285 |  86.9 |      13 |       3 |  18.8
        D:4 |     390 |       0 |   0.0 |      23 |       0 |   0.0
        D:5 |     938 |     183 |  16.3 |      27 |       1 |   3.6
        D:6 |     732 |       0 |   0.0 |      25 |       0 |   0.0
        D:7 |     738 |       0 |   0.0 |      20 |       0 |   0.0
        D:8 |    1119 |     519 |  31.7 |      32 |       2 |   5.9
        D:9 |    2077 |       0 |   0.0 |      24 |       0 |   0.0
       D:10 |    1900 |       0 |   0.0 |      27 |       0 |   0.0
       D:11 |    1220 |     362 |  22.9 |       8 |       3 |  27.3
       D:12 |    5808 |    2482 |  29.9 |      43 |      38 |  46.9
       D:13 |    7102 |       0 |   0.0 |      38 |       0 |   0.0
       D:14 |    3919 |     268 |   6.4 |      15 |       2 |  11.8
     Lair:1 |    2073 |    1144 |  35.6 |       9 |       4 |  30.8
     Lair:2 |    6854 |     157 |   2.2 |      39 |       1 |   2.5
     Lair:3 |    1190 |     569 |  32.3 |       5 |       2 |  28.6
     Lair:4 |    6810 |    3237 |  32.2 |      23 |      27 |  54.0
     Lair:5 |    4690 |     495 |   9.5 |      20 |      14 |  41.2
     Lair:6 |    5315 |       0 |   0.0 |      20 |       0 |   0.0
      Orc:1 |      43 |       0 |   0.0 |       2 |       0 |   0.0
            +---------+---------+-------+---------+---------+-------
